Cogmind - Beta 11 @@@ ROGUE MODE // 2022.04.14 @ 21:15:57 Player: Kiks Result: Self-destructed Performance ------------- Evolutions (2) 1000 Regions Visited (4) 800 Robots Destroyed (35) 175 Value Destroyed (538) 538 Prototype IDs (2) 40 Alien Tech Used (0) 0 Bonus (0) 0 TOTAL SCORE: 2553 Bonus ------- None Cogmind --------- Core Integrity 535/550 Matter 300/300 Energy 280/280 System Corruption 0% Temperature Cool (9) Movement Flying (114) Ox1 Location -8/Materials Parts ------- > --- POWER (1) -------- Heavy Ion Engine > --- PROPULSION (4) --- Flight Unit Flight Unit Flight Unit > --- UTILITY (4) ------ Small Storage Unit Sensor Array Signal Interpreter Improved Terrain Scanner > --- WEAPON (2) ------- (None) > --- INVENTORY (8) ---- Medium Storage Unit Advanced Visual Processing Unit Improved Propulsion Shielding Hacking Suite Heavy Particle Cannon Heavy Assault Rifle Improved Light Cannon Rocket Launcher Peak State ------------ > --- POWER ------------ Heavy Ion Engine > --- PROPULSION ------- Flight Unit Flight Unit Flight Unit Flight Unit > --- UTILITY ---------- Small Storage Unit Sensor Array Signal Interpreter Improved Terrain Scanner > --- WEAPON ----------- Heavy Assault Rifle > --- INVENTORY -------- Medium Storage Unit Advanced Visual Processing Unit Improved Propulsion Shielding Heavy Particle Cannon Improved Light Cannon Rocket Launcher [Rating: 16] Favorites ----------- Power Ion Engine Engine Ion Engine Propulsion Light Treads Treads Light Treads Leg Aluminum Leg Wheel Compact Wheel Flight Unit Flight Unit Utility Small Storage Unit Device Sensor Array Storage Small Storage Unit Processor Signal Interpreter Protection Light Armor Plating Weapon Improved Light Cannon Energy Gun EM Pulse Gun Ballistic Gun Light Assault Rifle Ballistic Cannon Improved Light Cannon Launcher Grenade Launcher Build | -11 -10 -10 -9 -8 ------- Run | Scr Mat Min Mat Mat Slots Evolved 4 | . . . 2 2 Power . | . . . . . Propulsion 2 | . . . 2 . Utility 2 | . . . . 2 Weapon . | . . . . . Parts Attached 35 | 7 8 1 14 5 Power 5 | 1 . . 2 2 Engine 5 | 1 . . 2 2 Core . | . . . . . Reactor . | . . . . . Propulsion 12 | 2 4 . 6 . Treads 3 | . 3 . . . Leg 3 | 2 . . 1 . Wheel 1 | . 1 . . . Hover . | . . . . . Flight 5 | . . . 5 . Utility 8 | 2 1 1 2 2 Device 3 | 1 . . 1 1 Storage 3 | 1 . 1 1 . Processor 1 | . . . . 1 Hackware . | . . . . . Protection 1 | . 1 . . . Artifact . | . . . . . Weapon 10 | 2 3 . 4 1 Energy Gun 2 | 1 . . 1 . Energy Cannon . | . . . . . Ballistic Gun 2 | 1 . . . 1 Ballistic Cannon 4 | . 2 . 2 . Launcher 2 | . 1 . 1 . Special Weapon . | . . . . . Impact Weapon . | . . . . . Slashing Weapon . | . . . . . Piercing Weapon . | . . . . . Special Melee Weapon . | . . . . . Unidentified Prototypes 2 | . . . 2 . Parts Lost 6 | . 4 . 1 1 Power . | . . . . . Propulsion 3 | . 2 . . 1 Utility 1 | . . . 1 . Weapon 2 | . 2 . . . Highest Loss Streak 3 | . 3 . 1 1 To Critical Strikes . | . . . . . Average Slot Usage (%) 81 | . 76 100 81 79 Engine 11 | . 14 14 11 9 Treads 14 | . 4 28 18 . Leg 6 | . 15 . 6 . Flight 8 | . . . 6 36 Device 3 | . . . 1 17 Storage 11 | . 14 14 11 9 Processor 1 | . . . . 8 Protection 5 | . 3 14 6 . Energy Gun 2 | . 4 . 2 . Ballistic Gun 1 | . 7 . . . Ballistic Cannon 13 | . 5 28 16 . Naked Turns . | . . . . . Heaviest Build 26 | 13 19 24 26 15 Greatest Support 40 | 20 40 40 40 16 Greatest Overweight (x) 4 | . 4 . . . Average Overweight (x) . | . . . . . Largest Inventory Capacity 10 | 8 8 10 10 8 Average Capacity 8 | 7 8 9 9 8 Most Carried 9 | 1 3 4 9 8 Average Carried 4 | . 2 3 5 7 Final Capacity 10 | 8 8 10 8 8 Final Carried 8 | 1 3 3 4 8 Class Distribution -------------------- 80% | Mutant 10% | Scavenger-Scout 8% | Scavenger-Sprinter Dominant Class ---------------- Mutant | -10/Materials Mutant | -10/Mines Mutant | -9/Materials Scavenger-Scout | -8/Materials Resources | -11 -10 -10 -9 -8 ----------- Run | Scr Mat Min Mat Mat Matter Collected 912 | 261 123 50 383 95 Remotely . | . . . . . Salvage Created 835 | 106 387 . 342 . Parts 58 | 13 23 . 22 . Haulers Intercepted 1 | . 1 . . . Recyclers Shooed 3 | 1 1 . 1 . Parts Field Recycled . | . . . . . Retrieved Matter . | . . . . . Parts Self-Destructed . | . . . . . Prevented . | . . . . . Kills | -11 -10 -10 -9 -8 ------- Run | Scr Mat Min Mat Mat Combat Hostiles Destroyed 21 | . 7 . 14 . Melee 1 | . 1 . . . Guns 3 | . 2 . 1 . Cannons 9 | . . . 9 . AOE 8 | . 4 . 4 . Classes Destroyed 8 | 1 5 . 2 . Worker 1 | . . . 1 . Builder 1 | . 1 . . . Tunneler 5 | 5 . . . . Hauler 1 | . 1 . . . Recycler 5 | . 2 . 3 . Watcher 1 | . . . 1 . Swarmer 12 | . 1 . 11 . Grunt 9 | . 6 . 3 . Best Kill Streak 8 | 3 8 . 5 . Combat Bots Only 5 | . 5 . 4 . Max Kills in Single Turn 3 | 1 2 . 3 . Gunslinging . | . . . . . Exploded 2 | . 1 . 2 . Melee 1 | . 1 . . . Uniques/NPCs Destroyed . | . . . . . Combat | -11 -10 -10 -9 -8 -------- Run | Scr Mat Min Mat Mat Damage Taken 1415 | . 753 100 489 73 Core 345 | . 230 9 91 15 Absorbed by Shields . | . . . . . Core Remaining (%) 60 | 100 . 4 77 . Volleys Fired 95 | 22 41 . 31 1 Largest 2 | 2 2 . 2 1 Hottest 91 | 60 70 . 91 23 Shots Fired 156 | 40 55 . 60 1 Gun 84 | 40 38 . 5 1 Cannon 63 | . 10 . 53 . Launcher 9 | . 7 . 2 . Special . | . . . . . Kinetic 115 | 22 39 . 53 1 Thermal 5 | . . . 5 . Explosive 9 | . 7 . 2 . Electromagnetic 27 | 18 9 . . . Robot Hit Streak 12 | 4 12 . 8 4 Robot Miss Streak 6 | 2 4 . 6 . Penetration Max . | . . . . . Secondary Targets 1 | . 1 . . . Max Gunslinging Chain 1 | . 1 . . . Shots Hit Robots 86 | 22 33 . 30 1 Core Hits 51 | 9 23 . 18 1 Critical Kills . | . . . . . Critical Parts Destroyed . | . . . . . Critical Strikes 1 | . . . 1 . Blast 1 | . . . 1 . Melee Attacks . | . . . . . Impact . | . . . . . Slashing . | . . . . . Piercing . | . . . . . Sneak Attacks . | . . . . . Combat Hostiles . | . . . . . Follow-up Attacks . | . . . . . Damage Inflicted 2079 | 261 842 . 958 18 Guns 542 | 228 242 . 54 18 Cannons 661 | . 85 . 576 . Explosions 858 | 33 502 . 323 . Melee . | . . . . . Ramming 18 | . 13 . 5 . Kinetic 930 | 94 242 . 576 18 Thermal 87 | 33 . . 54 . Explosive 825 | . 502 . 323 . Electromagnetic 219 | 134 85 . . . Impact . | . . . . . Slashing . | . . . . . Piercing . | . . . . . Highest Corruption . | . . . . . Average Corruption . | . . . . . Corruption Purged . | . . . . . Corruption Blocked . | . . . . . Overload Shots . | . . . . . Overflow Damage 35 | . 20 . 15 . Projectiles 10 | . . . 10 . Explosions 25 | . 20 . 5 . Melee . | . . . . . Knockbacks 13 | . 3 . 10 . Impact . | . . . . . Kinetic 11 | . 3 . 8 . Secondary 2 | . . . 2 . Self-Inflicted Damage 138 | . 91 . 47 . Shots 5 | . 3 . 2 . Rammed 1 | . . . 1 . Targets Rammed 5 | . 4 . 1 . Kicked 4 | . 4 . . . Crushed . | . . . . . Highest Temperature 144 | 60 112 . 144 . Average Temperature 45 | 30 49 . 50 . Received Heat Transfer 387 | . 309 . 51 27 Siege Activations . | . . . . . Robots Corrupted . | . . . . . Combat Hostiles . | . . . . . Parts Fried . | . . . . . Impact Corruptions . | . . . . . Robots Melted . | . . . . . Combat Hostiles . | . . . . . Parts Melted . | . . . . . Heat Transferred 111 | . . . 111 . Parts Sabotaged . | . . . . . Parts Stolen . | . . . . . Parts Stripped . | . . . . . Power Chain Reactions 1 | 1 . . . . Missiles Intercepted . | . . . . . Alert | -11 -10 -10 -9 -8 ------- Run | Scr Mat Min Mat Mat Peak Influence 329 | 25 257 100 329 240 Initial 135 | . 16 100 39 135 Average 120 | 12 104 100 145 186 Maximum Alert Level 1 | . 1 . 1 1 Low Security (%) 78 | 100 72 100 74 67 Level 1 21 | . 27 . 25 32 Level 2 . | . . . . . Level 3 . | . . . . . Level 4 . | . . . . . Level 5 . | . . . . . High Security . | . . . . . Max Security . | . . . . . Squads Dispatched 4 | . 1 . 2 1 Investigation 1 | . . . 1 . Extermination . | . . . . . Reinforcement 3 | . 1 . 1 1 Assault . | . . . . . Garrison . | . . . . . Intercept . | . . . . . Searches Triggered . | . . . . . Construction Impeded . | . . . . . Haulers Reinforced . | . . . . . Active Scanning Responses . | . . . . . Cargo Convoy Interrupts . | . . . . . Stealth | -11 -10 -10 -9 -8 --------- Run | Scr Mat Min Mat Mat Distress Signals 3 | . 2 . 1 . Communications Jammed . | . . . . . Distress Signals . | . . . . . Times Spotted 47 | . 15 3 20 9 Peak Tracking Total 6 | . 6 3 4 6 Tactical Retreats 1 | . . . . 1 Traps | -11 -10 -10 -9 -8 ------- Run | Scr Mat Min Mat Mat Traps Triggered 1 | . . . 1 . Indirectly . | . . . . . Trap Hack Attempts . | . . . . . Triggered . | . . . . . Disarmed . | . . . . . Reprogrammed . | . . . . . Reused . | . . . . . Traps Extracted . | . . . . . Installed . | . . . . . Triggered . | . . . . . Machines | -11 -10 -10 -9 -8 ---------- Run | Scr Mat Min Mat Mat Machines Disabled 1 | . 1 . . . Max in Single Turn 1 | . 1 . . . Garrison Access 1 | . . . . 1 Machines Sabotaged . | . . . . . Garrisons Compromised . | . . . . . Overloaded Fab Kills . | . . . . . Hacking | -11 -10 -10 -9 -8 --------- Run | Scr Mat Min Mat Mat Machines Accessed 4 | . . . 2 2 Terminals 3 | . . . 2 1 Fabricators . | . . . . . Repair Stations . | . . . . . Recycling Units . | . . . . . Scanalyzers . | . . . . . Garrison Access 1 | . . . . 1 Total Hacks 7 | . . . 3 4 Successful 4 | . . . 2 2 Failed 3 | . . . 1 2 Catastrophic . | . . . . . Database Lockouts . | . . . . . Manual 6 | . . . 3 3 Terminals 6 | . . . 3 3 Fabricators . | . . . . . Repair Stations . | . . . . . Recycling Units . | . . . . . Scanalyzers . | . . . . . Garrison Access 1 | . . . . 1 Terminal Hacks . | . . . . . Fabricator Hacks . | . . . . . Repair Station Hacks . | . . . . . Recycling Unit Hacks . | . . . . . Scanalyzer . | . . . . . Garrison Access Hacks 1 | . . . . 1 Seal Access 1 | . . . . 1 Unauthorized Hacks 3 | . . . 2 1 Terminals 3 | . . . 2 1 Botnet 3 | . . . 2 1 Fabricators . | . . . . . Repair Stations . | . . . . . Recycling Units . | . . . . . Scanalyzers . | . . . . . Garrison Access . | . . . . . Data Cores Recovered . | . . . . . Used . | . . . . . Hacking Detections 2 | . . . 1 1 Full Trace Events . | . . . . . Feedback Events . | . . . . . Feedback Blocked . | . . . . . Robot Schematics Acquired . | . . . . . Robots Built . | . . . . . Authchips . | . . . . . Time . | . . . . . Total Robot Build Rating . | . . . . . Part Schematics Acquired . | . . . . . Parts Built . | . . . . . Authchips . | . . . . . Time . | . . . . . Total Part Build Rating . | . . . . . Parts Repaired . | . . . . . Time . | . . . . . Parts Recycled . | . . . . . Recycled Matter . | . . . . . Retrieved Matter . | . . . . . Retrieved Components . | . . . . . Parts Scanalyzed . | . . . . . Part Schematics Acquired . | . . . . . Parts Damaged . | . . . . . Bothacking | -11 -10 -10 -9 -8 ------------ Run | Scr Mat Min Mat Mat Used RIF Installer . | . . . . . Robots Hacked . | . . . . . Non-combat . | . . . . . Combat . | . . . . . Robot Hacks Applied . | . . . . . Relay Couplers Released . | . . . . . Fabnet Peak Effective % . | . . . . . Robots Rewired . | . . . . . Allies Hacked . | . . . . . Hacks Repelled . | . . . . . Allies | -11 -10 -10 -9 -8 -------- Run | Scr Mat Min Mat Mat Total Allies . | . . . . . Largest Group . | . . . . . Highest-Rated Group . | . . . . . Highest-Rated Ally . | . . . . . Total Orders . | . . . . . Ally Attacks . | . . . . . Total Damage . | . . . . . Kills . | . . . . . Allies Corrupted . | . . . . . Allies Melted . | . . . . . Intel | -11 -10 -10 -9 -8 ------- Run | Scr Mat Min Mat Mat Robot Analysis Total . | . . . . . Derelict Logs Recovered . | . . . . . Drone Launches . | . . . . . Drone Recoveries . | . . . . . Exploration | -11 -10 -10 -9 -8 ------------- Run | Scr Mat Min Mat Mat Turns Passed 1205 | 183 200 81 604 137 Spaces Moved 932 | 99 69 50 409 305 Core 9 | 5 4 . . . Treads 302 | . 12 50 240 . Legs 137 | 94 43 . . . Wheels 10 | . 10 . . . Hover . | . . . . . Flight 474 | . . . 169 305 Fastest Speed 31 | 50 100 160 31 31 Average Speed 87 | 116 132 160 106 31 Slowest Speed 250 | 120 250 160 160 31 Overloaded Moves . | . . . . . Propulsion Burnouts . | . . . . . Robots Hopped 9 | . . . 4 5 Cave-ins Triggered . | . . . . . Exploration Rate (%) 22 | 5 29 16 26 36 Regions Visited 4 Branch Regions 1 Pre-discovered Areas . | . . . . . Known Exits Taken . | . . . . . Unknown Exits Taken 4 | 1 1 1 1 . Scrap Searched . | . . . . . Spaces Dug . | . . . . . Terrain Destroyed 49 | 6 24 . 19 . Melee . | . . . . . Projectile 2 | . . . 2 . AOE 47 | 6 24 . 17 . Terrain Rammed . | . . . . . Walls Destroyed . | . . . . . Machines Disabled . | . . . . . Actions | -11 -10 -10 -9 -8 --------- Run | Scr Mat Min Mat Mat Total 1158 | 128 125 51 512 342 Wait 68 | . . . 43 25 Move 911 | 98 68 49 400 296 Hop 8 | . . . 4 4 Pick Up 15 | . 2 . 6 7 Fast Attach 20 | 7 5 . 6 2 Attach 7 | . 1 . 3 3 Detach 5 | 1 1 . 2 1 Swap 8 | . 2 1 5 . Drop 16 | . 1 1 11 3 Fire 95 | 22 41 . 31 1 Melee . | . . . . . Ram . | . . . . . Kick 4 | . 4 . . . Crush 1 | . . . 1 . Escape Stasis . | . . . . . Rewire . | . . . . . Trap . | . . . . . Miscellaneous . | . . . . . Route ------- -11/Scrapyard -10/Materials -10/Mines (discovered 2 exits: *Mat x2) -9/Materials -8/Materials (discovered 1 exit: [*Sto]) History --------- Turn | Location | Event 7 | -11/Scrapyard | Discovered new exit (range 16) 184 | -11/Scrapyard | Entered Materials 298 | -10/Materials | Discovered new exit (range 7) 299 | -10/Materials | Core integrity fell below 50% 310 | -10/Materials | Core integrity fell below 20% 340 | -10/Materials | Lost 3 parts (2n1w) 375 | -10/Materials | Build established: Mutant 384 | -10/Materials | Entered Mines 447 | -10/Mines | Discovered new exit (range 12) 457 | -10/Mines | Discovered new exit (range 13) 465 | -10/Mines | Entered Materials 465 | -9/Materials | Evolved 2 slots: Propulsion x2 1050 | -9/Materials | Discovered new exit (range 5) 1069 | -9/Materials | Entered another Materials area 1069 | -8/Materials | Evolved 2 slots: Utility x2 1180 | -8/Materials | Discovered new exit (range 7) 1206 | -8/Materials | Self-destructed Last Messages --------------- 01107_ Acquired Lgt. Ion Engine. 01109_ Dropped Lgt. Ion Engine. 01109_ Acquired Hvy. Ion Engine. 01118_ Acquired VSS Leg. 01166_ K-01 Serf collects debris. 01180_ EXIT=FOUND 01182_ T-07 Excavator is excavating. 01186_ K-01 Serf collects debris. 01186_ T-07 Excavator is excavating. 01190_ Acquired 95 matter. 01190_ ALERT: Hostiles spotted, dispatching reinforcements to Terminal M011. 01194_ K-01 Serf collects debris. 01202_ K-01 Serf cleans the Garrison Access. 01203_ Connecting with Garrison Access... >>Seal Access door sealed. 01203_ Dropped VSS Leg. 01204_ Acquired Hacking Suite. 01206_ Flight Unit destroyed. 01206_ O-16 Technician: "IFF HANDSHAKE FAILED. SECURING TERMINAL." Map ----- +----------------------------------------------------+ | # #? ??# # """ #???????????????? | | ] ##########??######??# # "R #? ?????????????? | | #???????????????????# # """ #???????????????? | | ####???????????????????# # #???????????????? | | ???????????????????????# #######???????????????? | | ???????????????????????# ###???????????????????? | | ???????????????????????# ############????????? | | ?????????????????####### ???????? | | ?????????? ???????? | | ??????????????????###+## ???????? | | ??????????????????? ???# #######T##??????????? | | ???????????????????????### ###???????????????????? | | ?????????????????????????# #???????????#?????????? | | ?????????????????????????# #?????????????????????? | | ?????????????????????????# #?????????????????????? | | ?????????????????????????# #???????????? ????????? | | ???????????? ????????????# #?????????????????????? | | ?????????????????#??######x#?????????????????????? | | ????????????????????# ] #?????????????????????? | | ????????????????????#[ #?????????????????????? | | ????????????????#???# """ #?????????????????????? | | ????????????????????# G" #??????????"??????????? | | ????????????????????# """x#?????????????????????? | | ????????????????????# = ##????????????????????? | | ????????????????????####u#########???????????????? | | ????????????????????# @ ????????? | | ????????????????????# o ????????? | | ????????????????????# ????????? | | ????????????????????#g gg ###?????????? | | ??????????????????x #???????????? | | ??????????H??????? #???????????? | | ???????????????? k #???????????? | | ???????????????#+######k########## +???????????? | | ?????????????????????? ??????????? #???????????? | | ?????????????????????? "???????????? #???????????? | | ?????????????#??"????? "?????????????????????????? | | ?????????????????????# "?????????????????????????? | | ?????????????????????# ??????????????????????????? | | ?????????????????????#???????????????????????????? | | ?????????????????????????????????????????????????? | | ?????????????????????????????????????????????????? | | ?????????????????????????????????????????????????? | | ?????????????????????????????????????????????????? | | ?????????????????????????????????????????????????? | | ?????????????????????????????????????????????????? | | ?????????????????????????????????????????????????? | | ?????????????????????????????????????????????????? | | ?????????????????????????????????????????????????? | | ?????????????????????????????????????????????????? | | ?????????????????????????????????????????????????? | +----------------------------------------------------+ Best States ------------- Heat Dissipation 31 Energy Generation 14 Energy Capacity 280 Matter Stores 300 Matter Capacity 300 Sight Range 16 Robot Scan Range 14 Terrain Scan Range 16 Terrain Scan Density 10 Armor Coverage 150 Evasion (%) 63 Recoil Reduction 2 Item Schematics ----------------- None Robot Schematics ------------------ None Fabricated ------------ Nothing Alien Tech Used ----------------- None Achievements -------------- None Challenges ------------ None Game ------ Seed DrainedQuantumAccelerator Manual? 0 Play Time 00:15:22 Cumulative 93.5 hours Start 2022.04.14 @ 21:03:40 End 2022.04.14 @ 21:15:57 Sessions 1 Manual Loads 0 Difficulty Rogue Special Mode None Game No. 51 Rogue 12 Adventurer 5 Explorer 34 Win Type - Total 18 Types 10/0/3/4/1/0/0/0/0 Lore% 68 Gallery% 64 Achievement% 70 Wizard Run 0 Options --------- ASCII 0 Keyboard 0 Movement Mouse Keybinds 0 Fullscreen 1 Font 12/Terminus Map View 83x54 Tactical HUD 1 Map Filters NONE Filters NONE Steam 1 RUN: 51132bdc-1872-4e76-973a-c1dde2e8aa98